 Dungeon Crawl Stone Soup version 0.22-a0-458-gb446440 (webtiles) character file.

537 Ghost621 the Slasher (level 7, -3/60 HPs)
             Began as a Hill Orc Fighter on June 8, 2018.
             Was an Initiate of Ru.
             Killed from afar by Dowan (12 damage)
             ... with a stone arrow
             ... on level 4 of the Dungeon.
             The game lasted 00:21:58 (3790 turns).

Ghost621 the Slasher (Hill Orc Fighter)             Turns: 3790, Time: 00:21:59

Health: -3/60      AC: 11    Str: 21    XL:     7   Next: 25%
Magic:  7/7        EV:  6    Int:  8    God:    Ru [......]
Gold:   167        SH:  9    Dex: 10    Spells: 6/6 levels left

rFire    . . .     SeeInvis .   a - +0 long sword
rCold    . . .     Gourm    .   f - +0 shield
rNeg     . . .     Faith    .   e - +2 chain mail {rPois}
rPois    +         Spirit   .   (no helmet)
rElec    .         Reflect  .   (no cloak)
rCorr    .         Harm     .   (no gloves)
MR       .....                  (no boots)
Stlth    ..........             (no amulet)
HPRegen  0.20/turn              d - +4 ring of slaying
MPRegen  0.10/turn              z - ring of loudness

@: very slightly contaminated
A: no striking features
a: Renounce Religion


You were on level 4 of the Dungeon.
You worshipped Ru.
Ru was noncommittal.
You were not hungry.

You visited 1 branch of the dungeon, and saw 4 of its levels.

You collected 167 gold pieces.

Inventory:

Hand Weapons
 a - a +0 long sword (weapon)
 j - a +0 hunting sling
Armour
 b - a +0 scale mail
 c - a +0 shield
 e - a +2 chain mail of poison resistance (worn)
 f - a +0 shield (worn)
 g - a +0 scale mail
 i - a +0 robe
 m - a +0 plate armour
Jewellery
 d - a +4 ring of slaying (left hand)
 s - an uncursed ring of stealth
 z - a ring of loudness (right hand)
Wands
 u - a wand of iceblast (10)
Scrolls
 h - 2 scrolls of blinking
 l - a scroll of enchant weapon {unknown}
 n - 7 scrolls of immolation {unknown}
 p - 2 scrolls of magic mapping {unknown}
 r - a scroll of enchant armour {unknown}
 t - a scroll of fear {unknown}
 x - a scroll of teleportation {unknown}
 y - a scroll of amnesia {unknown}
 A - a scroll of identify
Potions
 o - a potion of agility {unknown}
 q - 5 potions of curing {unknown}
 v - a potion of might
 w - a potion of lignification {unknown}
Comestibles
 k - 5 rations


   Skills:
 + Level 4.8 Fighting
 + Level 6.0 Long Blades
 + Level 4.8 Armour
 + Level 0.7 Dodging
 + Level 0.1 Stealth
 + Level 4.6 Shields


You had 6 spell levels left.
You didn't know any spells.
Your spell library was empty.

Dungeon Overview and Level Annotations

Branches:
Dungeon (4/15)
 Temple: D:4-7

Altars:
Ashenzari
Makhleb
Ru
Zin

Annotations:
D:4 Dowan


Message History

You destroy the jackal skeleton!
You closely miss the orc. The orc hits you.
* * * LOW HITPOINT WARNING * * *
You slash the orc!
You kill the orc!
You block Dowan's attack. You block Dowan's attack.
Dowan hits you but does no damage.
Items here: )) ? [ †††† Dowan hits you but does no damage.
You block Dowan's attack.
Blink to where?
Press: ? - help, Dir - move target cursor You are very lightly contaminated with residual magic.
As you read the scroll labeled OCOCKA INYNIORPH, it crumbles to dust.
It was a scroll of blinking.
Dowan mumbles some strange words.
Dowan blinks!
There is a stone staircase leading down here.
Dowan points at you and mumbles some strange words.
The stone arrow hits you!
You die...

#.#................#####.# #.#
..#.##....##.#.#.........# #.#
#.#...>....e..........##.# #.#
................>#..####.# #.#
....####..#..#.#.#..# #.# #.#
....# #..#..#e#.#..# #.# #.#
....# #..#..#.#.#..# #.# #.#
#...####e.#.........# #.# #.#
..........##.#.#@#.## #.# #.#
.......†..).....<..#####.###.###
...#.###..#....................#
##.#.# #..#..#.#..........######
##...# ##.#..........<..###
##.... .......#.######.# .a.#.#
#.###..#.# #.# ...... ..# #..#.#
#.# .####. ### ..# #.#


You could see Dowan.

Vanquished Creatures
  Duvessa (D:4)
  A phantom (D:3)
  An ogre (D:4)
  A scorpion (D:3)
  2 hounds (D:4)
  A worker ant (D:4)
  5 adders
  An ooze (D:3)
  2 dart slugs
  A leopard gecko (D:1)
  3 orcs
  A ball python (D:1)
  8 bats
  6 giant cockroaches
  11 goblins
  6 hobgoblins
  11 jackals
  A quokka (D:2)
  3 frilled lizards (D:2)
  A jackal skeleton (D:4)
  7 kobolds
  5 rats (D:3)
79 creatures vanquished.

Notes
Turn   | Place    | Note
-------+----------+-------------------------------------------
     0 | D:1      | Ghost621 the Hill Orc Fighter began the quest for the Orb.
     0 | D:1      | Reached XP level 1. HP: 19/19 MP: 1/1
    90 | D:1      | Reached XP level 2. HP: 9/27 MP: 2/2
  1233 | D:1      | Reached XP level 3. HP: 30/33 MP: 3/3
  2044 | D:2      | Reached XP level 4. HP: 20/40 MP: 4/4
  2487 | D:2      | Reached skill level 3 in Long Blades
  3042 | D:3      | Found a sacrificial altar of Ru.
  3057 | D:3      | Became a worshipper of Ru the Awakened
  3107 | D:3      | Reached XP level 5. HP: 46/46 MP: 5/5
  3200 | D:3      | Reached skill level 4 in Long Blades
  3340 | D:3      | Noticed a phantom
  3363 | D:3      | Killed a phantom
  3363 | D:3      | Reached XP level 6. HP: 53/53 MP: 6/6
  3523 | D:3      | Found a burning altar of Makhleb.
  3523 | D:3      | Noticed a balrug
  3527 | D:3      | Noticed a ynoxinul
  3527 | D:3      | Noticed a ynoxinul
  3560 | D:3      | Found a glowing silver altar of Zin.
  3560 | D:3      | Noticed an angel
  3721 | D:4      | Found a shattered altar of Ashenzari.
  3722 | D:4      | Noticed Dowan
  3724 | D:4      | Noticed Duvessa
  3736 | D:4      | Reached skill level 5 in Long Blades
  3761 | D:4      | Killed Duvessa
  3761 | D:4      | Reached XP level 7. HP: 33/60 MP: 7/7
  3767 | D:4      | Reached skill level 6 in Long Blades
  3790 | D:4      | Killed from afar by Dowan

Vault maps used:
D:1:      scummos_arrival_simple_crosswalls, serial_bayou_crossing
D:2:      minmay_misc_feat_diagonals, small_statue_intersection,
          minmay_misc_feat_five, hex_medium
D:3:      lemuel_coloured_pillars_altar, zin_angel, makhleb_altar_promises_db,
          first_ration
D:4:      cheibrodos_ashenzari_chains, doesnt_xom_only_xom, uniq_duvessa

Skill      XL: |  1  2  3  4  5  6  7 |
---------------+----------------------+-----
Fighting       | 4 |  4.8
Long Blades    | 3 4 5 6 |  6.0
Armour         | 4 |  4.8
Shields        | 4 |  4.6
Dodging        | |  0.7
Stealth        | |  0.1

Action                   |  1- 3 |  4- 6 |  7- 9 || total
-------------------------+-------+-------+-------++-------
Melee: Long sword        |   123 |   131 |     8 ||   262
       Hunting sling     |     7 |       |       ||     7
  Use: Potion            |     2 |       |       ||     2
       Scroll            |     2 |     2 |     1 ||     5
  Eat: Ration            |     1 |     1 |       ||     2
       Chunk             |       |     3 |       ||     3
Armor: Scale mail        |    75 |       |       ||    75
       Plate armour      |    45 |    24 |       ||    69
       Chain mail        |       |    54 |     5 ||    59
Dodge: Dodged            |    62 |    24 |     2 ||    88
Block: Shield            |   129 |    80 |     7 ||   216
       Rpst.: Long sword |    16 |     7 |     2 ||    25

Table legend:
 A = Spawn XP
 B = Non-spawn XP
 C = Spawn XP percentage of total XP
 D = Spawn monster count
 E = Non-spawn monster count
 F = Spawn count percentage of total count
 G = Total turns spent on level
                    A         B        C        D         E        F      G
               +---------+---------+-------+---------+---------+-------+---------
         Total |       0 |     768 |   0.0 |       0 |      79 |   0.0 |  3790
               +---------+---------+-------+---------+---------+-------+---------
           D:1 |       0 |      43 |   0.0 |       0 |      23 |   0.0 |  1737
           D:2 |       0 |      52 |   0.0 |       0 |      16 |   0.0 |  1037
           D:3 |       0 |     291 |   0.0 |       0 |      33 |   0.0 |   898
           D:4 |       0 |     382 |   0.0 |       0 |       7 |   0.0 |   118
               +---------+---------+-------+---------+---------+-------+---------
